 Dungeon Crawl Stone Soup version 0.28-a0-1356-g2ad6d04315 (webtiles) character file.

Game seed: 12120590922686559115

603 bearlyready the Magician (level 7, -3/45 HPs)
             Began as a Djinni Ice Elementalist on Dec 30, 2021.
             Slain by an orc priest (6 damage)
             ... on level 4 of the Dungeon.
             The game lasted 00:09:03 (6265 turns).

bearlyready the Magician (Djinni Ice Elementalist)  Turns: 6265, Time: 00:09:04

Health: -3/45      AC:  3    Str:  7    XL:     7   Next: 70%
Gold:   99         EV: 12    Int: 19    God:
                   SH:  0    Dex: 13

rFire   + + .      SeeInvis .   e - +0 dagger
rCold   x . .      Faith    .   (no shield)
rNeg    . . .      Spirit   .   a - +1 robe
rPois   ∞          Reflect  .   (no helmet)
rElec   .          Harm     .   (no cloak)
rCorr   .          Rampage  .   (no gloves)
Will    .....                   (boots unavailable)
Stlth   ++........              (no amulet)
HPRegen 0.15/turn               (no ring)
MPRegen 0.00/turn               (no ring)

@: freezing walls, attractive, flying
A: sickness immunity, fire resistance 2, cold vulnerability 1, float, innate
caster, hp casting, extra vitality 1
a: no special abilities


You were on level 4 of the Dungeon.
You visited 1 branch of the dungeon, and saw 4 of its levels.

You collected 99 gold pieces.

Inventory:

Hand Weapons
 e - a +0 dagger (weapon)
Missiles
 f - a throwing net
Armour
 a - a +1 robe (worn)
 n - the +0 ring mail "Quif" {Int+6}
   (You found it on level 2 of the Dungeon)

   Int:       It affects your intelligence (+6).
Jewellery
 b - an amulet of faith
 h - a ring of poison resistance
Wands
 d - a wand of mindburst (11)
Potions
 c - a potion of berserk rage {unknown}
 g - a potion of ambrosia
 o - a potion of degeneration {unknown}
 r - a potion of flight {unknown}


   Skills:
 - Level 2.1 Dodging
 - Level 1.5 Stealth
 + Level 6.8 Spellcasting


You had 3 spell levels left.
You knew the following spells:

 Your Spells              Type           Power      Damage    Failure   Level
a - Freeze                Ice            100%       1d11      1%          1
b - Frozen Ramparts       Ice            64%        1d8       1%          3
c - Ozocubu's Armour      Ice            32%        N/A       1%          3
d - Hailstorm             Conj/Ice       32%        3d8       6%          4
e - Sting                 Tmut/Pois      100%       1d8       1%          1
f - Corpse Rot            Necr/Air       64%        N/A       1%          2
g - Blink                 Tloc           64%        N/A       1%          2
Your spell library was empty.

Dungeon Overview and Level Annotations

Branches:
Dungeon (4/15)
 Temple: D:4-7

Altars:
Cheibriados
Ru
The Shining One


Innate Abilities, Weirdness & Mutations

You are immune to sickness and miasma.
You are immune to poison.
Your flesh is very heat resistant. (rF++)
You are vulnerable to cold. (rC-)
You float through the air rather than walking.
You learn spells naturally, not from books.
Your magical power is your life essence.
You have superior vitality. (+4 MHP)


Message History

The orc priest invokes the aid of Beogh against you.
Beogh smites you!
* * * LOW HITPOINT WARNING * * *
The phantom completely misses you.
You bump into the rock wall.
The phantom hits you.
* * * LOW HITPOINT WARNING * * *
The phantom blinks!
You blink.
The phantom barely misses you. The phantom misses you.
You feel less invigorated.
You feel less confused. The phantom barely misses you.
You aren't carrying any scrolls.
Unknown command.
It was a potion of attraction.
You feel attractive to monsters. The phantom hits you!
The phantom blinks!
You blink.
The orc priest is attracted toward you.
It was a potion of heal wounds.
You feel much better.
The orc priest hits you with a +0 hand axe.
The phantom misses you. The orc is attracted toward you. x2
Okay, then.
The orc hits you with a +0 falchion.
Casting: Ozocubu's Armour (safe; 1% risk of failure)
Confirm with . or Enter, or press ? or * to list all spells.
Casting: Frozen Ramparts (safe; 1% risk of failure)
Press: ? - help, Dir - look around, f - activate The walls around you are covered in ice.
The wall freezes the orc priest.
The orc priest calls down the wrath of Beogh upon you.
Beogh smites you!
* * * LOW HITPOINT WARNING * * *
The wall freezes the orc. x2; The orc closely misses you.
The phantom hits you!
* * * LOW HITPOINT WARNING * * *
Aiming: Mindburst
Press: ? - help, Shift-Dir - straight line, f - phantom
Aim: a phantom (chance to affect: 47%)
The phantom resists with some effort.
The wall freezes the orc priest.
The orc priest hits you with a +0 hand axe.
You die...

#.....o....#,,,
#..........#,,,
#........#.,,,,
#.......##**,,, #......##
*,,, #o.....# *,,,
#.§....# *,,,
####§.....#####)..
#@oo..#####...#...
#oW...#.......#...
#.....#.......#...
#.....#.......#...
*########.....####....#...
*.........+####.##....#...
*......8..............'...
*........8............#...
*.....................#...


You could see a phantom, an orc priest and 2 orcs.

Vanquished Creatures
  A water moccasin (D:3)
  An ogre (D:4)
  A scorpion (D:4)
  A water moccasin zombie (D:4)
  A hound (D:4)
  A bullfrog skeleton (D:4)
  2 iguanas
  A scorpion zombie (D:4)
  3 hound zombies (D:4)
  A hound skeleton (D:4)
  A howler monkey skeleton (D:4)
  2 adders
  A white imp (D:4)
  2 adder zombies (D:4)
  A worm (D:3)
  A dart slug (D:1)
  An orc (D:3)
  9 ball pythons
  2 bats
  6 endoplasms
  3 giant cockroaches
  7 hobgoblins
  7 jackals
  3 quokkas
  2 frilled lizards (D:1)
  6 goblins
  8 kobolds
  6 rats
81 creatures vanquished.

Vanquished Creatures (others)
  2 withered plants (D:4)
2 creatures vanquished.

Grand Total: 83 creatures vanquished

Notes
Turn   | Place    | Note
-------+----------+-------------------------------------------
     0 | D:1      | bearlyready the Djinni Ice Elementalist began the quest for
                  | the Orb.
     0 | D:1      | Reached XP level 1. HP: 15/15 MP: 0/0
    83 | D:1      | Reached XP level 2. HP: 14/21 MP: 0/0
  1087 | D:1      | Reached XP level 3. HP: 24/25 MP: 0/0
  1087 | D:1      | Learned a level 1 spell: Sting
  1305 | D:1      | Reached skill level 4 in Spellcasting
  2107 | D:2      | Reached XP level 4. HP: 24/31 MP: 0/0
  2214 | D:2      | Found a faded altar of an unknown god.
  2354 | D:2      | Identified the +0 ring mail "Quif" {Int+6}
  3432 | D:3      | Found a sacrificial altar of Ru.
  3433 | D:3      | Found a glowing golden altar of the Shining One.
  3434 | D:3      | Found a snail-covered altar of Cheibriados.
  3519 | D:3      | Noticed a water moccasin
  3525 | D:3      | Killed a water moccasin
  3526 | D:3      | Reached skill level 5 in Spellcasting
  3526 | D:3      | Reached XP level 5. HP: 26/35 MP: 0/0
  3526 | D:3      | Learned a level 2 spell: Corpse Rot
  3526 | D:3      | Reached XP level 6. HP: 30/40 MP: 0/0
  4286 | D:4      | Noticed an ogre
  4304 | D:4      | Killed an ogre
  4333 | D:4      | Reached skill level 6 in Spellcasting
  4610 | D:4      | Reached XP level 7. HP: 34/45 MP: 0/0
  4610 | D:4      | Learned a level 2 spell: Blink
  6265 | D:4      | Slain by an orc priest

Illustrated notes

Levels and vault maps discovered:
D:1:      dpeg_arrival_stone_temple_mockup, layout_basic, st_stairs_7
D:2:      layout_rooms, ebering_ecumenical_altar_petrified, dk_noncrumbling_3,
          minivault_23
D:3:      layout_rooms, chequers_temple_overflow_statue_of_worship,
          dk_noncrumbling_2
D:4:      layout_gridville, serial_undead, serial_undead_c, serial_undead_d,
          serial_undead_a, serial_undead_a, serial_undead_a, serial_undead_c,
          serial_undead_d, serial_undead_c, serial_undead_e, serial_undead_d,
          uniq_crazy_yiuf_cottage

Skill      XL: |  1  2  3  4  5  6 |
---------------+-------------------+-----
Spellcasting   | 4 5 6 |  6.8
Dodging        | |  2.1
Stealth        | |  1.5

Action                   |  1- 3 |  4- 6 |  7- 9 || total
-------------------------+-------+-------+-------++-------
Melee: Dagger            |    50 |    66 |   232 ||   348
       Unarmed           |     7 |       |       ||     7
 Cast: Freeze            |    33 |    22 |     1 ||    56
       Frozen Ramparts   |     2 |     7 |     4 ||    13
       Ozocubu's Armour  |       |     4 |    10 ||    14
       Sting             |       |     9 |     2 ||    11
Evoke: Wand              |       |       |     1 ||     1
  Use: Scroll            |       |     5 |     2 ||     7
       Potion            |       |       |     4 ||     4
 Stab: Sleeping          |     5 |     3 |       ||     8
Armor: Robe              |     8 |    17 |   104 ||   129
Dodge: Dodged            |    33 |    68 |   165 ||   266

Table legend: (Time is in decaauts)
 A = Elapsed time spent in this place.
 B = Non-inter-level travel time spent in this place.
 C = Inter-level travel time spent in this place.
 D = Time resting spent in this place.
 E = Time spent auto-exploring this place.
 F = Levels seen in this place.
 G = Mean time per level.
                   A        B        C        D        E       F      G
               +--------+--------+--------+--------+--------+-----+--------+
         Total |   6268 |   6190 |     78 |   1308 |   3935 |   4 | 1567.0 |
       Dungeon |   6268 |   6190 |     78 |   1308 |   3935 |   4 | 1567.0 |
               +--------+--------+--------+--------+--------+-----+--------+

Top non-repeatable levels by time:
     D:3: 2161 daAuts
     D:1: 1871 daAuts
     D:4: 1308 daAuts
     D:2: 927 daAuts
